 Seeded DCSS version 0.31-a0-75-g6fe912e8c5 (webtiles) character file.

Game seed: 6351066067085065685 (custom seed)

1725 Esekla the Covert (level 9, -5/61 HPs)
             Began as an Octopode Delver on May 22, 2023.
             Was an Initiate of Gozag.
             Slain by Menkaure (23 damage)
             ... on level 6 of the Dungeon on May 23, 2023.
             The game lasted 00:27:35 (6378 turns).

Esekla the Covert (Octopode Delver)                 Turns: 6378, Time: 00:27:35

Health: -5/61      AC:  1    Str: 12    XL:     9   Next: 4%
Magic:  13/13      EV: 19    Int: 16    God:    Gozag
Gold:   453        SH:  0    Dex: 13    Spells: 7/14 levels left

rFire   . . .        a - +0 falchion
rCold   . . .        (no shield)
rNeg    . . .        (helmet restricted)
rPois   .            (no amulet)
rElec   .            h - +5 ring of evasion
rCorr   .            (no ring)
SInv    .            (no ring)
Will    .....        (no ring)
Stlth   +++++        (no ring)
HPRegen 0.30/turn    (no ring)
MPRegen 0.13/turn    (no ring)
                     (no ring)

%: no passive effects
@: no status effects
A: almost no armour, amphibious, 8 rings, camouflage 1, gelatinous body 1,
(nimble swimmer 1), tentacles
a: Renounce Religion, Potion Petition, Call Merchant, Bribe Branch


You were on level 6 of the Dungeon.
You worshipped Gozag.
Gozag was aware of your devotion.
You visited 2 branches of the dungeon, and saw 7 of its levels.
You also visited: Ossuary.

You collected 1185 gold pieces.
You paid 732 gold pieces to Gozag.

Inventory:

Hand Weapons
 a - a +0 falchion (weapon)
 s - a +0 dagger of freezing
Missiles
 i - 4 boomerangs
 n - 4 poisoned darts (quivered)
Jewellery
 h - a +5 ring of evasion (left tentacle)
Wands
 f - a wand of digging (5)
 j - a wand of roots (9)
Scrolls
 b - 2 scrolls of fog
 c - 2 scrolls of magic mapping
 d - a scroll of fear
 k - 20 scrolls of identify {unknown}
 m - 2 scrolls of poison {unknown}
 o - a scroll of immolation {unknown}
 r - 2 scrolls of silence {unknown}
 u - a scroll of enchant armour {unknown}
 x - a scroll of vulnerability {unknown}
 y - a scroll of amnesia {unknown}
 B - a scroll of noise {unknown}
Potions
 e - a potion of haste
 g - 4 potions of attraction {unknown}
 l - 10 potions of curing {unknown}
 p - 2 potions of brilliance {unknown}
 q - a potion of degeneration {unknown}
 t - a potion of ambrosia {unknown}
 v - a potion of lignification {unknown}
 w - a potion of heal wounds {unknown}
 z - a potion of invisibility {unknown}
 A - 2 potions of enlightenment {unknown}


   Skills:
 * Level 5.2 Fighting
 + Level 1.2(3.7) Short Blades
 * Level 5.6(5.7) Long Blades
 + Level 0.7 Throwing
 * Level 4.2 Dodging
 - Level 9.0 Stealth
 * Level 3.0 Spellcasting
 * Level 2.4 Conjurations
 * Level 2.4 Transmutations
 * Level 2.5 Air Magic
 * Level 2.6 Poison Magic


You had 7 spell levels left.
You knew the following spells:

 Your Spells              Type           Power      Damage    Failure   Level
b - Wereblood             Tmut           10%        N/A       11%         2
c - Mephitic Cloud        Conj/Pois/Air  8%         N/A       24%         3
v - Poisonous Vapours     Pois/Air       18%        N/A       12%         2

Your spell library contained the following spells:

 Spells                   Type           Power      Damage    Failure   Level
 Beastly Appendage        Tmut           20%        N/A       7%          1
 Spider Form              Tmut/Pois      9%         N/A       22%         3
 Lesser Beckoning         Tloc           4%         N/A       28%         2
 Stone Arrow              Conj/Erth      10%        3d7       38%         3
 Gell's Gravitas          Tloc           2%         N/A       50%         3
 Teleport Other           Tloc           2%         N/A       50%         3
 Summon Lightning Spire   Summ/Air       5%         N/A       78%         4
 Passage of Golubria      Tloc           2%         N/A       88%         4
 Freezing Cloud           Conj/Ice/Air   3%         6-21      97%         5
 Silence                  Hex/Air        2%         N/A       98%         5
 Storm Form               Tmut/Air       4%         N/A       100%        7
 Lehudib's Crystal Spear  Conj/Erth      2%         10d2      100%        8
 Maxwell's Capacitive Co  Air            5%         ∞         100%        8
 Animate Armour           Summ/Erth      Unusable   N/A       N/A         4

Dungeon Overview and Level Annotations

Branches:
Dungeon (6/15)             Temple (1/1) D:6         Ossuary (visited)

Altars:
Cheibriados
Dithmenos
Fedhas
Gozag
Hepliaklqana
Okawaru
Qazlal
Trog
Vehumet
Wu Jian
Xom
Zin
The Shining One

Shops:
D:5 =

Annotations:
D:6 Dowan, Menkaure


Innate Abilities, Weirdness & Mutations

You cannot wear most types of armour.
You are amphibious.
You can wear up to eight rings at the same time.
Your skin changes colour to match your surroundings (Stealth+).
Your rubbery body absorbs attacks. (AC +1, EV +1)
((You are camouflaged when in or above water. (Stealth+)))
You have tentacles for arms and can constrict up to eight enemies at once.


Message History

You feel clever. x2
Your magical contamination has completely faded away.
You now have 437 gold pieces (gained 5).
B - a scroll labelled MEBRE ZOFEPO You now have 445 gold pieces (gained 8).
Things that are here:
a +1 mace of protection; a +0 leather armour You now have 453 gold pieces (gained 8).
n - 4 poisoned darts (gained 1)
k - 19 scrolls labelled OPUZOUSOET (gained 1)
k - 20 scrolls labelled OPUZOUSOET (gained 1)
Things that are here:
a +1 mace of protection; a +0 leather armour Magic restored.
You see here 5 stones.
There is an open door here.
Menkaure gestures wildly while chanting.
Menkaure seems to speed up.
Your +0 dagger of freezing stops glowing.
a - a +0 falchion (weapon)
Menkaure completely misses you.
You hit Menkaure. You grab Menkaure. You squeeze Menkaure, but do no damage.
Menkaure is lightly damaged.
You constrict Menkaure.
Menkaure calls on the powers of darkness!
Your body is wracked with pain!
You hit Menkaure.
Menkaure is moderately damaged.
You constrict Menkaure. Menkaure barely misses you.
You hit Menkaure but do no damage.
Menkaure is moderately damaged.
You constrict Menkaure.
Menkaure calls on the powers of darkness!
Your body is wracked with pain!
* * * LOW HITPOINT WARNING * * *
You hit Menkaure.
Menkaure is heavily damaged.
You constrict Menkaure. Menkaure completely misses you. Menkaure hits you!!
You die...
Your body crumbles into a pile of gold.

......# #..###..#
##############
......###.##.##.########
......#....#.#....##...#######
.....#..#.##.##.#....#.......#
#
#...#..####...####.....#####.#
.. ##.##.##....(....##.#### .#
.......####)..#'##..#
.##.....#.##.##.#M.##
.####......#.#..@.## .#
#####.##.##.### .# #..###..#
.# ##..#...# .## ##...#.# #.##
###...# ##.#### #.### ##...#
#.#### # ##.##.# #....##. .


You could see Menkaure (fast).

Vanquished Creatures
  A water moccasin (D:6)
  2 black bears
  An orc warrior (D:6)
  An ice beast (D:6)
  4 ogres
  An elf zombie (Ossuary)
  A phantom (D:4)
  A scorpion (D:4)
  A howler monkey (D:4)
  2 centaur zombies (Ossuary)
  A sleepcap (D:4)
  A hound (D:6)
  2 human zombies (Ossuary)
  A jelly (D:5)
  3 iguanas
  3 orc wizards
  2 mummies (Ossuary)
  16 adders
  A white imp (D:6)
  2 dart slugs
  16 orcs
  3 bats
  5 endoplasms
  3 giant cockroaches
  6 goblins
  7 hobgoblins
  3 quokkas
  14 ball pythons
  2 frilled lizards (D:1)
  12 hobgoblin zombies (Ossuary)
  A jackal zombie (Ossuary)
  4 kobolds
  5 kobold zombies (Ossuary)
  9 orc zombies (Ossuary)
  A rat (D:3)
  4 rat zombies (Ossuary)
142 creatures vanquished.

Notes
Turn   | Place    | Note
-------+----------+-------------------------------------------
     0 | D:5      | Esekla the Octopode Delver began the quest for the Orb.
     0 | D:5      | Reached XP level 1. HP: 16/16 MP: 1/1
    65 | D:5      | Noticed an orc wizard
    94 | D:5      | Reached XP level 2. HP: 21/21 MP: 2/2
   158 | D:5      | Found a shadowy altar of Dithmenos.
   276 | D:6      | Reached skill level 7 in Stealth
   418 | D:6      | Noticed Menkaure
   459 | D:6      | Found a staircase to the Ecumenical Temple.
   468 | D:6      | Reached XP level 3. HP: 22/26 MP: 2/4
   477 | Temple   | Entered the Ecumenical Temple
   494 | Temple   | Became a worshipper of Gozag Ym Sagoz the Greedy
   587 | D:6      | Noticed a kobold brigand
   603 | D:6      | Found a blossoming altar of Fedhas.
   657 | D:4      | Reached skill level 1 in Spellcasting
   657 | D:4      | Reached XP level 4. HP: 31/31 MP: 5/5
   675 | D:4      | Found a sand-covered staircase.
   757 | Ossuary  | Entered an ossuary
  1176 | Ossuary  | Reached XP level 5. HP: 27/37 MP: 6/6
  1403 | Ossuary  | Reached XP level 6. HP: 28/43 MP: 8/8
  2348 | D:3      | Found a faded altar of an unknown god.
  2951 | D:2      | Learned a level 2 spell: Poisonous Vapours
  3504 | D:2      | Reached XP level 7. HP: 46/48 MP: 9/9
  3698 | D:3      | Learned a level 2 spell: Wereblood
  3702 | D:3      | Learned a level 3 spell: Mephitic Cloud
  3776 | D:3      | Found a bloodstained altar of Trog.
  3782 | D:3      | Found a hazy altar of Hepliaklqana.
  3786 | D:3      | Found a stormy altar of Qazlal.
  4154 | D:4      | Found an iron altar of Okawaru.
  4253 | D:4      | Found a glowing silver altar of Zin.
  4260 | D:4      | Found a glowing golden altar of the Shining One.
  4395 | D:4      | Reached skill level 8 in Stealth
  4441 | D:4      | Reached skill level 5 in Long Blades
  4441 | D:4      | Reached skill level 1 in Poison Magic
  4515 | D:4      | Reached skill level 1 in Conjurations
  4520 | D:4      | Reached skill level 1 in Air Magic
  4723 | D:4      | Found a radiant altar of Vehumet.
  5055 | D:4      | Reached skill level 1 in Transmutations
  5136 | D:5      | Reached XP level 8. HP: 54/54 MP: 11/11
  5510 | D:5      | Reached skill level 1 in Short Blades
  5661 | D:5      | Upgraded the game from 0.31-a0-66-ge618eeaa78 to
                  | 0.31-a0-75-g6fe912e8c5
  5891 | D:6      | Reached skill level 9 in Stealth
  5923 | D:6      | Noticed Dowan
  6195 | D:6      | Reached skill level 5 in Fighting
  6300 | D:6      | Reached XP level 9. HP: 51/61 MP: 4/13
  6378 | D:6      | Slain by Menkaure

Illustrated notes

Levels and vault maps discovered:
D:1:      sevenhm_arrival_forest_fort_small_3, layout_rooms,
          chequers_serial_rivers_room_b, minmay_misc_feat_five
D:2:      layout_basic
D:3:      layout_rooms, minmay_overflow_temple_star_quad,
          shapermc_ecumenical_altar_starsandcircs, grunt_ministairs_12,
          chequers_serial_rivers_room_b, minmay_misc_feat_iff,
          nicolae_underground_beach
D:4:      layout_basic, nicolae_overflow_quartered_altars,
          nicolae_ossuary_entry_monument, minmay_snake_closets
D:5:      layout_gridville, lemuel_doored_altar
D:6:      layout_loops_ring, mainiacjoe_overflow_tiny_flanked,
          minmay_temple_entry_junction_2, minmay_fractal_squares_gapless_5,
          uniq_duvessa, uniq_menkaure
Temple:   compressed_dpeg_circular_temple

Skill      XL: |  1  2  3  4  5  6  7  8 |
---------------+-------------------------+-----
Stealth        | 7 8 9 |  9.0
Spellcasting   | 1 2 3 |  3.0
Long Blades    | 3 4 5 |  5.6
Fighting       | 4 5 |  5.2
Dodging        | 3 4 |  4.2
Poison Magic   | 1 2 |  2.6
Conjurations   | 1 2 |  2.4
Air Magic      | 1 2 |  2.5
Transmutations | 1 2 |  2.4
Short Blades   | 1 |  1.2
Throwing       | |  0.7

Action                     |  1- 3 |  4- 6 |  7- 9 || total
---------------------------+-------+-------+-------++-------
  Melee: Falchion          |    12 |   188 |    44 ||   244
         Constrict         |     3 |    43 |    17 ||    63
         Tentacles         |     2 |    49 |    21 ||    72
         Punch             |       |     3 |     4 ||     7
         Dagger            |       |     4 |    64 ||    68
  Throw: Boomerang         |       |       |     7 ||     7
         Dart              |       |       |     4 ||     4
   Cast: Mephitic Cloud    |       |       |     4 ||     4
 Invoke: Call Merchant     |       |       |     1 ||     1
    Use: Scroll            |       |       |     1 ||     1
   Stab: Sleeping          |     3 |    20 |    27 ||    50
         Distracted        |       |     1 |     2 ||     3
         Confused          |       |       |     1 ||     1
 Armour: Skin              |     1 |     9 |     4 ||    14
  Dodge: Dodged            |     6 |   158 |    59 ||   223

Table legend: (Time is in decaauts)
 A = Elapsed time spent in this place.
 B = Non-inter-level travel time spent in this place.
 C = Inter-level travel time spent in this place.
 D = Time resting spent in this place.
 E = Time spent auto-exploring this place.
 F = Levels seen in this place.
 G = Mean time per level.
                   A        B        C        D        E       F      G
               +--------+--------+--------+--------+--------+-----+--------+
         Total |   6386 |   6278 |    108 |   1289 |   1739 |   8 |  798.2 |
       Dungeon |   4940 |   4849 |     91 |    647 |   1714 |   6 |  823.3 |
        Temple |     34 |     17 |     17 |      0 |      0 |   1 |   34.0 |
       Ossuary |   1410 |   1410 |      0 |    642 |     25 |   1 | 1410.0 |
               +--------+--------+--------+--------+--------+-----+--------+

Top non-repeatable levels by time:
 Ossuary: 1410 daAuts
     D:4: 1318 daAuts
     D:5: 1086 daAuts
     D:6: 817 daAuts
     D:2: 621 daAuts
     D:3: 615 daAuts
     D:1: 481 daAuts
  Temple: 34 daAuts
